 Dungeon Crawl Stone Soup version 0.21.1-1-g345015f (webtiles) character file.

189947 vatarom the Agent of Entropy (level 17, 0/132 HPs)
             Began as a Demonspawn Abyssal Knight on Apr 28, 2018.
             Was a Priest of Lugonu.
             Succumbed to a naga ritualist's toxic radiance
             ... on level 4 of the Snake Pit.
             The game lasted 01:23:35 (34505 turns).

vatarom the Agent of Entropy (DsAK)                Turns: 34505, Time: 01:23:35

Health: 0/132      AC: 27    Str: 14    XL:     17   Next: 52%
Magic:  14/30      EV: 17    Int: 18    God:    Lugonu [***...]
Gold:   1239       SH: 10    Dex: 22    Spells: 24/27 levels left

rFire    + + .     SeeInvis +   Z - +7 flail of Zohaf {flame, rPois rF+ rC+}
rCold    + + .     Gourm    .   P - +3 warlock's mirror {reflect}
rNeg     + + +     Faith    .   a - +6 scale mail of Too Many Cooks {*Drain rPois rN++ Int+4}
rPois    +         Spirit   .   z - -2 hat of the Alchemist {rElec rPois rF+ rC+ rN+ MR+ rMut rCorr}
rElec    +         Reflect  +   K - +2 cloak
rCorr    +         Harm     .   h - +1 pair of gloves
rMut     +                      (boots unavailable)
MR       ++...                  H - amulet of regeneration
Stlth    +++.......             B - ring "Dachonao" {rCorr rPois Slay+3 Stlth+}
HPRegen  0.72/turn              l - ring "Veovaefo" {rElec rN+ Dex+4 SInv}
MPRegen  0.22/turn

@: lethally poisoned (0 -> 0), sanguine armour
A: hooves 3, nightstalker 2, rot immunity, sanguine armour 2
}: 1/15 runes: decaying
a: Depart the Abyss, Bend Space, Banish, Renounce Religion


You were on level 4 of the Snake Pit.
You worshipped Lugonu.
Lugonu was most pleased with you.
You were not hungry.

You visited 5 branches of the dungeon, and saw 31 of its levels.
You visited the Abyss 1 time.
You also visited: Ossuary.

You collected 3632 gold pieces.
You spent 2393 gold pieces at shops.

Inventory:

Hand Weapons
 Z - the +7 flail of Zohaf (weapon) {flame, rPois rF+ rC+}
   (You found it on level 6 of the Lair of Beasts)

   It has been specially enchanted to burn those struck by it, causing extra
   injury to most foes and up to half again as much damage against particularly
   susceptible opponents.
   It protects you from fire.
   It protects you from cold.
   It protects you from poison.
Missiles
 k - 47 tomahawks (quivered)
 x - a throwing net
Armour
 a - the +6 scale mail of Too Many Cooks (worn) {*Drain rPois rN++ Int+4}
   (You found it on level 1 of the Lair of Beasts)

   It affects your intelligence (+4).
   It protects you from poison.
   It greatly protects you from negative energy.
   It causes draining when unequipped.
 h - a +1 pair of gloves (worn)
 w - a +1 helmet
 z - the -2 hat of the Alchemist (worn) {rElec rPois rF+ rC+ rN+ MR+ rMut rCorr}
   (You bought it in a shop on level 2 of the Snake Pit)

   It protects you from fire.
   It protects you from cold.
   It insulates you from electricity.
   It protects you from poison.
   It protects you from negative energy.
   It affects your resistance to hostile enchantments.
   It protects you from acid and corrosion.
   It protects you from mutation.
 K - a +2 cloak (worn)
 P - the +3 warlock's mirror (worn) {reflect}
   (You bought it in a shop on level 12 of the Dungeon)
Jewellery
 l - the ring "Veovaefo" (right hand) {rElec rN+ Dex+4 SInv}
   (You found it on level 4 of the Swamp)

   [ring of positive energy]

   It affects your dexterity (+4).
   It insulates you from electricity.
   It protects you from negative energy.
   It lets you see invisible.
 B - the ring "Dachonao" (left hand) {rCorr rPois Slay+3 Stlth+}
   (You found it on level 13 of the Dungeon)

   [ring of resist corrosion]

   It affects your accuracy and damage with ranged weapons and melee attacks
   (+3).
   It protects you from poison.
   It makes you more stealthy.
 H - an amulet of regeneration (around neck)
 I - a +4 ring of intelligence {unknown}
 Y - a +4 ring of slaying
Wands
 b - a wand of paralysis (53)
 r - a wand of polymorph (12)
 u - a wand of random effects (78)
 v - a wand of disintegration (10)
 A - a wand of enslavement (37)
 G - a wand of digging (23)
 L - a wand of iceblast (4)
 M - a wand of flame (10)
 N - a wand of acid (12)
Scrolls
 e - 13 scrolls of teleportation
 i - 5 scrolls of enchant armour
 j - a scroll of vulnerability
 n - 11 scrolls of remove curse
 p - 9 scrolls of amnesia
 q - 4 scrolls of enchant weapon
 y - 2 scrolls of fog
 E - 3 scrolls of identify
 S - 5 scrolls of fear
 V - a scroll of magic mapping
 W - 2 scrolls of holy word
Potions
 d - 3 potions of brilliance
 f - 3 potions of lignification
 g - 2 potions of might
 m - 3 potions of curing
 s - 2 potions of resistance
 t - 3 potions of haste
 C - a potion of mutation
 D - 2 potions of agility
 F - 4 potions of flight
 O - 5 potions of magic
 T - a potion of berserk rage {unknown}
 X - 2 potions of cancellation
Books
 o - a book of Changes

   Spells                             Type                      Level
   a - Beastly Appendage              Transmutation                1
   b - Sticks to Snakes               Transmutation                2
   c - Spider Form                    Transmutation/Poison         3
   d - Ice Form                       Ice/Transmutation            4
   e - Blade Hands                    Transmutation                5
 U - a book of Spatial Translocations

   Spells                             Type                      Level
   a - Blink                          Translocation                2
   b - Shroud of Golubria             Charms/Translocation         2
   c - Lesser Beckoning               Translocation                3
   d - Gell's Gravitas                Translocation                3
   e - Teleport Other                 Translocation                3
   f - Passage of Golubria            Translocation                4
Miscellaneous
 J - a lamp of fire
Comestibles
 c - 26 rations


   Skills:
 * Level 11.6 Fighting
 + Level 15.3 Maces & Flails
 - Level 9.6 Armour
 - Level 10.9 Dodging
 - Level 7.7 Shields
 - Level 5.8 Spellcasting
 - Level 4.2 Summonings
 - Level 5.0 Translocations
 + Level 19.3 Invocations


You had 24 spell levels left.
You knew the following spells:

 Your Spells              Type           Power        Failure   Level  Hunger
a - Summon Butterflies    Summ           ###.....     7%          1    None
b - Blink                 Tloc           N/A          8%          2    None


Dungeon Overview and Level Annotations

Branches:
Dungeon (15/15)            Temple (0/1) D:5            Lair (6/6) D:11
  Swamp (4/4) Lair:4        Snake (4/4) Lair:3        Slime (0/5) Lair:5
    Orc (2/2) D:10            Elf (0/3) Orc:2        Vaults (0/5) D:13
 Depths (0/5) D:15

Altars:
Ashenzari
Dithmenos
Elyvilon
Fedhas
Gozag
Hepliaklqana
Makhleb
Qazlal
Uskayaw
Vehumet
Wu Jian
Xom
Yredelemnul
Zin
Jiyva

Shops:
D:10 *   D:12 [*   D:14 !   Orc:1 %   Orc:2 [*%?(   Snake:2 [

Portals:
Trove: D:15 (give 20 potions of curing)

Annotations:
D:8 corrupted
D:14 exclusion: Roxanne, Roxanne
Lair:5 1 runed door, exclusion: oklob plant
Lair:6 corrupted, exclusion: 3 oklob plants
Swamp:4 corrupted
Snake:4 corrupted
Abyss:1 Grinder, Kirke, Rupert


Innate Abilities, Weirdness & Mutations

You have hooves in place of feet.
You are significantly more attuned to the shadows.
You are immune to rotting.
When seriously injured, your bleeding wounds create thick armour. (AC +9)


Message History

The naga sharpshooter spits poison at you.
The splash of poison misses you.
The splash of poison hits the guardian serpent.
The guardian serpent is poisoned.
Something loses its grip on the flying skull.
The naga completely misses you. x2; Something hits the flying skull!
The flying skull is destroyed!
The raiju bites the anaconda.
The raiju shocks the anaconda!
The naga misses you. You block the naga's attack.
The ice devil hits the naga ritualist!
The ice devil freezes the naga ritualist!!
You hear a shout!
Okay, then.
Okay, then.
Okay, then.
Space bends sharply around you!
The naga ritualist blinks!
The naga sharpshooter blinks!
The guardian serpent blinks!
You blink.
A naga, a nagaraja, 5 guardian serpents and a naga ritualist come into view.
The naga ritualist is wielding a scimitar of venom.
You die...

##...##
##.....###
....N§N..##
#...X.N§§N..#
##...XxN§#...##
#..h.N4./8.S..#
##.⌠SSNSS#5S.⌠.##
#..##.#.x.#.....#
#.#SN(NN....@...#
#.SSSS#N.N......#
#..WSN5NNS.SS...#
#.W2N..#NS8.....#
#t.X#SN...SN....#
#5Z...8.NN8#....#


You could see a naga warrior, 3 nagarajas, a naga sharpshooter, an anaconda, 4
naga ritualists, a shock serpent, 6 guardian serpents, a naga mage, 2 nagas, 2
neutral small abominations and a neutral iron imp.

Vanquished Creatures
  Nikola (Snake:1)
  A thorn hunter (Swamp:3)
  A nagaraja (Snake:2)
  Aizul (Snake:1)
  7 naga warriors
  12 hydras
  3 vault guards (D:13)
  5 anacondas
  15 alligators
  2 centaur warriors
  A catoblepas (Lair:5)
  2 death knights
  A tengu warrior (D:13)
  3 death yaks
  15 two-headed ogres
  3 ogre magi
  5 shock serpents
  Nergalle (Orc:1)
  7 naga sharpshooters
  A salamander mystic (Snake:3)
  2 skeletal warriors
  3 unseen horrors
  2 deep trolls (Orc:2)
  7 swamp dragons
  3 naga ritualists
  A wizard (D:14)
  A lindwurm (Lair:6)
  An orc knight (Orc:1)
  A wolf spider zombie (D:15)
  A manticore (D:13)
  4 mana vipers
  3 orc sorcerers
  A deep elf mage (D:15)
  5 ugly things
  9 cyclopes
  6 elephants
  A salamander (Snake:3)
  22 black mambas
  A black mamba (shapeshifter) (D:14)
  A guardian serpent (Snake:2)
  A gargoyle (D:13)
  A torpor snail (Lair:6)
  10 naga magi
  17 spiny frogs
  2 kobold demonologists
  6 centaur skeletons
  A yaktaur (D:12)
  6 komodo dragons
  An efreet (D:13)
  A tengu conjurer (D:13)
  13 trolls
  6 polar bears
  10 hornets
  4 tyrant leeches
  15 slime creatures
  21 blink frogs
  8 bog bodies
  10 hippogriffs
  A meliai zombie (D:15)
  6 shadows
  2 centaur simulacra
  18 spriggans
  A vampire (D:14)
  4 wyverns
  A wraith (D:12)
  A basilisk (Lair:2)
  A hog (Swamp:3)
  28 yaks
  4 hungry ghosts
  2 redback simulacra (D:15)
  Menkaure (D:7)
  24 vampire mosquitoes
  Edmund (D:4)
  25 nagas
  21 swamp worms
  A warg (D:10)
  9 insubstantial wisps
  2 soldier ants
  2 acid dragons
  12 water moccasins
  5 porcupines
  16 orc warriors
  16 swamp drakes
  A necrophage (D:11)
  3 ice beasts
  3 hornet zombies
  A phantom (D:4)
  2 black bears
  23 ogres
  2 eyes of draining
  9 boggarts
  15 wolves (Lair:6)
  13 centaurs
  19 crocodiles
  5 big kobolds
  3 elf zombies (Ossuary)
  20 bullfrogs
  2 wyvern zombies
  3 scorpions
  10 killer bees
  9 wights (D:7)
  4 electric eels
  13 crimson imps
  4 howler monkeys
  7 jellies
  A quasit (D:14)
  4 centaur zombies
  10 orc priests
  A gnoll shaman (D:5)
  5 hounds
  14 orc wizards
  A bullfrog zombie (D:5)
  2 human zombies (Ossuary)
  A bullfrog skeleton (D:13)
  Jessica (D:3)
  Natasha (twice) (D:3)
  Terence (D:3)
  3 iguanas
  8 worker ants
  A big kobold zombie (Ossuary)
  3 mummies (Ossuary)
  A worker ant zombie (D:5)
  12 adders
  6 gnolls
  3 shadow imps
  16 oozes (Lair:4)
  3 adder zombies (Ossuary)
  6 worms
  5 dart slugs
  4 leopard geckos
  74 orcs
  6 giant cockroaches
  A gnoll zombie (Ossuary)
  6 goblins
  8 hobgoblins
  12 jackals
  3 quokkas
  2 ball pythons
  4 bats
  A frilled lizard (D:2)
  3 goblin zombies (Ossuary)
  4 hobgoblin zombies (Ossuary)
  2 jackal skeletons (D:4)
  4 jackal zombies (Ossuary)
  26 kobolds
  5 kobold zombies (Ossuary)
  A quokka skeleton (D:4)
  5 quokka zombies (Ossuary)
  4 rats
  2 rat zombies (Ossuary)
  3 fungi
960 creatures vanquished.

Vanquished Creatures (collateral kills)
  the Lernaean hydra (Swamp:4)
  A hydra (Swamp:4)
2 creatures vanquished.

Vanquished Creatures (others)
  A thorn hunter (Swamp:4)
  A very ugly thing (Swamp:2)
  An ettin (Orc:2)
  A fire dragon (D:12)
  The ghost of Steelmeadow the Fighter, a journeyman GrEE of Vehumet (Lair:4)
  The ghost of salinator123 the Spear-Bearer, a journeyman MiBe of Trog (D:10)
  A vault guard (D:13)
  10 hydras
  A death knight (D:15)
  4 two-headed ogres
  5 alligators
  A naga sharpshooter (Snake:2)
  6 spriggans
  7 slime creatures
  3 swamp dragons (Swamp:4)
  A skeletal warrior (D:15)
  A naga ritualist (Snake:4)
  An unseen horror (D:15)
  The ghost of Supreme the Geomancer, a novice GrEE (D:8)
  An oklob plant (Lair:6)
  A cyclops (D:15)
  6 ugly things
  A salamander (Snake:2)
  A spiny frog (Lair:6)
  A torpor snail (Lair:6)
  A gargoyle (D:12)
  2 komodo dragons (Lair:2)
  A tyrant leech (Swamp:4)
  A troll (D:9)
  7 hornets
  5 bog bodies (Swamp:4)
  A dream sheep (Lair:6)
  3 yaks (Lair:6)
  2 hogs (Swamp:4)
  4 vampire mosquitoes (Swamp:4)
  A basilisk (Lair:2)
  2 black bears
  4 swamp drakes (Swamp:4)
  3 ogres
  A boggart (Lair:6)
  3 wolves (Lair:6)
  A bullfrog (D:8)
  A crimson imp (D:8)
  A hound (D:8)
  An orc priest (D:3)
  An adder skeleton (D:8)
  A leopard gecko (D:8)
  3 orcs
  13 fungi
  11 plants
  11 starspawn tentacles (Swamp:4)
144 creatures vanquished.

Grand Total: 1106 creatures vanquished

Notes
Turn   | Place    | Note
-------+----------+-------------------------------------------
     0 | Abyss:1  | vatarom the Demonspawn Abyssal Knight began the quest for the Orb.
     0 | Abyss:1  | Reached XP level 1. HP: 18/18 MP: 2/2
    60 | Abyss:1  | Noticed a freezing wraith
    64 | D:1      | Escaped the Abyss
   399 | D:1      | Gained mutation: When seriously injured, your bleeding wounds create armour. (AC +9) [demonic ancestry]
   399 | D:1      | Reached XP level 2. HP: 24/24 MP: 4/4
   486 | D:1      | Reached skill level 3 in Invocations
   754 | D:2      | Reached ** piety under Lugonu
   826 | D:2      | Found an opulent altar of Gozag.
   826 | D:2      | Found a burning altar of Makhleb.
   833 | D:2      | Reached XP level 3. HP: 11/29 MP: 5/5
   982 | D:2      | Reached skill level 1 in Dodging
  1183 | D:2      | Gained mutation: You have large cloven feet. [demonic ancestry]
  1183 | D:2      | Reached XP level 4. HP: 20/35 MP: 6/6
  1282 | D:2      | Found a shattered altar of Ashenzari.
  1917 | D:3      | Found a radiant altar of Vehumet.
  2009 | D:3      | Noticed Natasha
  2018 | D:3      | Killed Natasha
  2018 | D:3      | Reached skill level 4 in Invocations
  2033 | D:3      | Found a basalt altar of Yredelemnul.
  2126 | D:3      | Gained mutation: You are immune to rotting. [demonic ancestry]
  2126 | D:3      | Reached XP level 5. HP: 26/41 MP: 8/8
  2185 | D:3      | Found a white marble altar of Elyvilon.
  2186 | D:3      | Noticed Terence
  2211 | D:3      | Killed Terence
  2267 | D:3      | Noticed Jessica
  2271 | D:3      | Killed Jessica
  2291 | D:3      | Reached *** piety under Lugonu
  2328 | D:3      | Noticed Natasha
  2347 | D:3      | Killed Natasha
  2893 | D:3      | Found a glowing silver altar of Zin.
  3330 | D:4      | Noticed Grinder
  3349 | D:4      | Found a hide-covered altar of Uskayaw.
  3370 | D:4      | Found a sand-covered staircase.
  3402 | Ossuary  | Entered an ossuary
  3413 | Ossuary  | Reached skill level 5 in Invocations
  3413 | Ossuary  | Gained mutation: You have hoof-like feet. [demonic ancestry]
  3413 | Ossuary  | Reached XP level 6. HP: 38/47 MP: 9/9
  3506 | Ossuary  | Reached skill level 5 in Maces & Flails
  3869 | Ossuary  | Reached XP level 7. HP: 23/52 MP: 11/11
  4117 | Ossuary  | Reached skill level 6 in Invocations
  4132 | Ossuary  | Reached **** piety under Lugonu
  4621 | D:4      | Banished Grinder
  4621 | D:4      | Reached skill level 7 in Invocations
  4770 | D:4      | You fall through a shaft!
  4770 | D:5      | Entered Level 5 of the Dungeon
  4783 | D:5      | Reached XP level 8. HP: 20/58 MP: 5/13
  5166 | D:4      | Found a shimmering altar of Xom.
  5479 | D:4      | Noticed Edmund
  5517 | D:4      | Killed Edmund
  5846 | D:5      | Found a staircase to the Ecumenical Temple.
  6109 | D:5      | Reached skill level 8 in Invocations
  6223 | D:5      | Found a stormy altar of Qazlal.
  6519 | D:6      | Found a blossoming altar of Fedhas.
  6756 | D:6      | Identified a scroll of acquirement
  7257 | D:6      | Reached XP level 9. HP: 48/65 MP: 15/15
  7371 | D:6      | Paralysed by fainting for 9 turns
  7893 | D:7      | Reached skill level 9 in Invocations
  7970 | D:7      | Got a translucent leather armour
  7981 | D:7      | Identified the cursed +0 leather armour "Xeaf" {rElec rN+ Int-4 Dex+4} (You found it on level 7 of the Dungeon)
  8192 | D:7      | Noticed Menkaure
  8199 | D:7      | Killed Menkaure
  8199 | D:7      | Reached skill level 5 in Fighting
  8349 | D:8      | Reached skill level 5 in Armour
  8378 | D:8      | Found a blossoming altar of Fedhas.
  8531 | D:8      | Noticed Supreme's ghost (novice GrEE)
  8537 | D:8      | Corrupted D:8
  8537 | D:8      | Noticed a smoke demon
  8537 | D:8      | Noticed a starcursed mass
  8537 | D:8      | Noticed a cyan very ugly thing
  8537 | D:8      | Noticed a tentacled starspawn
  8537 | D:8      | Noticed a smoke demon
  8537 | D:8      | Noticed a starcursed mass
  8537 | D:8      | Noticed a guardian serpent
  8537 | D:8      | Noticed a necromancer
  8537 | D:8      | Noticed a spatial maelstrom
  8537 | D:8      | Noticed a spatial maelstrom
  8538 | D:8      | Noticed a green draconian
  8538 | D:8      | Noticed a soul eater
  8538 | D:8      | Noticed a rust devil
  8539 | D:8      | Noticed an efreet
  8539 | D:8      | Noticed a thrashing horror
  8539 | D:8      | Noticed a bone dragon
  8539 | D:8      | Noticed a red very ugly thing
  8539 | D:8      | Killed Supreme's ghost
  8541 | D:8      | Noticed a purple very ugly thing
  8615 | D:8      | Noticed a hellion
  8624 | D:8      | Noticed a deep elf sorcerer
  8695 | D:8      | Found a shadowy altar of Dithmenos.
  8738 | D:8      | Found a hazy altar of Hepliaklqana.
  8935 | D:9      | Noticed a two-headed ogre
  8936 | D:9      | Banished a two-headed ogre
  9031 | D:9      | Reached XP level 10. HP: 74/74 MP: 17/17
  9375 | D:9      | Reached skill level 10 in Invocations
  9623 | D:10     | Entered Level 10 of the Dungeon
  9677 | D:10     | Noticed a two-headed ogre
  9679 | D:10     | Banished a two-headed ogre
  9679 | D:10     | Reached skill level 10 in Maces & Flails
  9702 | D:10     | Found Veacvuh's Demolitions Depot.
 10019 | D:10     | Found a blossoming altar of Fedhas.
 10024 | D:10     | Found a staircase to the Orcish Mines.
 10250 | D:10     | Noticed salinator123's ghost (journeyman MiBe)
 10252 | D:10     | Banished salinator123's ghost
 10473 | D:11     | Paralysed by a hornet for 2 turns
 10587 | D:11     | Reached skill level 5 in Dodging
 10620 | D:11     | Found a staircase to the Lair.
 10667 | D:11     | Noticed a two-headed ogre
 10668 | D:11     | Noticed a five-headed hydra
 10677 | D:11     | Banished a five-headed hydra
 10677 | D:11     | Gained mutation: You are slightly more attuned to the shadows. [demonic ancestry]
 10677 | D:11     | Reached XP level 11. HP: 83/83 MP: 13/18
 10697 | D:11     | Banished a two-headed ogre
 11100 | D:11     | Noticed a brown ugly thing
 11103 | D:11     | Banished a brown ugly thing
 11426 | D:12     | Reached skill level 11 in Invocations
 11554 | D:12     | Noticed an eight-headed hydra
 11556 | D:12     | Banished an eight-headed hydra
 11585 | D:12     | Found Byuleed's Armour Boutique.
 11595 | D:12     | Bought the +3 warlock's mirror {reflect} for 560 gold pieces
 11595 | D:12     | Found the +3 warlock's mirror {reflect}
 11666 | D:12     | Found Teitec's Assorted Antiques.
 11707 | D:12     | Noticed a cyan ugly thing
 11710 | D:12     | Noticed a red ugly thing
 11710 | D:12     | Banished a cyan ugly thing
 11714 | D:12     | Noticed a two-headed ogre
 11716 | D:12     | Banished a red ugly thing
 11716 | D:12     | Reached skill level 1 in Shields
 11717 | D:12     | Banished a two-headed ogre
 12003 | Lair:1   | Entered Level 1 of the Lair of Beasts
 13111 | Lair:2   | Noticed an eight-headed hydra
 13113 | Lair:2   | Banished an eight-headed hydra
 13401 | Lair:2   | Gained mutation: When seriously injured, your bleeding wounds create thick armour. (AC +9) [demonic ancestry]
 13401 | Lair:2   | Reached XP level 12. HP: 16/92 MP: 15/20
 13834 | Lair:2   | Reached skill level 12 in Invocations
 14547 | Lair:3   | Found a staircase to the Snake Pit.
 14863 | Lair:3   | Noticed a four-headed hydra
 14877 | Lair:3   | Reached skill level 13 in Invocations
 14882 | Lair:3   | Banished a four-headed hydra
 15082 | Lair:3   | Found a basalt altar of Yredelemnul.
 15678 | Lair:4   | Noticed Steelmeadow's ghost (journeyman GrEE)
 15680 | Lair:4   | Banished Steelmeadow's ghost
 15975 | Lair:4   | Reached XP level 13. HP: 56/103 MP: 23/23
 16054 | Lair:4   | Found a staircase to the Swamp.
 16064 | Lair:4   | Reached skill level 10 in Fighting
 16108 | Lair:5   | Found an ornate altar of the Wu Jian Council.
 16310 | Lair:5   | Found a runed door.
 16310 | Lair:5   | Found a viscous altar of Jiyva.
 16314 | Lair:5   | Found a staircase to the Slime Pits.
 16876 | Lair:6   | Entered Level 6 of the Lair of Beasts
 16952 | Lair:5   | Reached skill level 5 in Shields
 17045 | Lair:6   | Reached skill level 14 in Invocations
 17782 | Lair:6   | Got a smoking flail
 17783 | Lair:6   | Identified the +7 flail of Zohaf {flame, rPois rF+ rC+} (You found it on level 6 of the Lair of Beasts)
 17837 | Lair:6   | Corrupted Lair:6
 17837 | Lair:6   | Noticed an Executioner
 18771 | D:13     | Noticed a fire dragon
 18930 | D:12     | Banished a fire dragon
 19180 | D:13     | Reached XP level 14. HP: 97/110 MP: 25/25
 19220 | D:13     | Learned a level 1 spell: Summon Butterflies
 19276 | D:13     | Found a gate to the Vaults.
 19306 | D:13     | Reached skill level 15 in Invocations
 19886 | D:13     | Got a bound granite ring
 19894 | D:13     | Identified the ring "Dachonao" {rCorr rPois Slay+3 Stlth+} (You found it on level 13 of the Dungeon)
 20338 | D:14     | Found a basalt altar of Yredelemnul.
 20353 | D:14     | Noticed Roxanne
 21198 | D:14     | Found Equdol's Distillery.
 21206 | D:14     | Bought a potion of heal wounds for 95 gold pieces
 21297 | D:15     | Entered Level 15 of the Dungeon
 21305 | D:15     | Found a portal to a secret trove of treasure.
 21383 | D:15     | Learned a level 2 spell: Blink
 21563 | D:15     | Reached skill level 1 in Spellcasting
 21563 | D:15     | Reached skill level 1 in Translocations
 21564 | D:15     | HP: 4/110 [cyclops/large rock (34)]
 22176 | D:15     | Reached skill level 16 in Invocations
 22236 | D:15     | Reached XP level 15. HP: 107/115 MP: 27/27
 22370 | D:15     | Found a staircase to the Depths.
 23009 | Orc:1    | Entered Level 1 of the Orcish Mines
 23024 | Orc:1    | Noticed Nergalle
 23116 | Orc:1    | Killed Nergalle
 23473 | Orc:1    | Found Padov's Food Boutique.
 23501 | Orc:1    | Bought a ration for 65 gold pieces
 23501 | Orc:1    | Bought a ration for 65 gold pieces
 23501 | Orc:1    | Bought a ration for 65 gold pieces
 23750 | Orc:2    | Entered Level 2 of the Orcish Mines
 23753 | Orc:2    | Found Utillao's Antique Armour Shop.
 23937 | Orc:2    | Found a staircase to the Elven Halls.
 24157 | Orc:2    | Reached ***** piety under Lugonu
 24388 | Orc:2    | Found Wituich's Food Emporium.
 24498 | Orc:2    | Reached skill level 5 in Spellcasting
 24507 | Orc:2    | Reached skill level 5 in Translocations
 24619 | Orc:2    | Found Azaos's Antique Weapon Shoppe.
 24625 | Orc:2    | Found Cukaqext's Assorted Antiques.
 24634 | Orc:2    | Found Puimaten's Magic Scroll Emporium.
 24636 | Orc:2    | Reached skill level 17 in Invocations
 24638 | Orc:2    | Reached skill level 1 in Summonings
 24753 | Orc:2    | Bought a scroll of identify for 80 gold pieces
 25035 | Snake:1  | Entered Level 1 of the Snake Pit
 25350 | Lair:1   | Got a spiked scale mail
 25361 | Lair:1   | Identified the +6 scale mail of Too Many Cooks {*Drain rPois rN++ Int+4} (You found it on level 1 of the Lair of Beasts)
 25465 | Swamp:1  | Entered Level 1 of the Swamp
 26931 | Swamp:2  | Found a frozen archway.
 27034 | Swamp:2  | Paralysed by a hornet for 3 turns
 27048 | Swamp:2  | Gained mutation: You have hooves in place of feet. [demonic ancestry]
 27048 | Swamp:2  | Reached XP level 16. HP: 49/122 MP: 28/28
 28387 | Swamp:3  | Noticed a thorn hunter
 28512 | Swamp:3  | Killed a thorn hunter
 28802 | Swamp:3  | Reached skill level 18 in Invocations
 28921 | Swamp:4  | Entered Level 4 of the Swamp
 29024 | Swamp:4  | Noticed Kirke
 29373 | Swamp:3  | Banished Kirke
 29468 | Swamp:4  | Corrupted Swamp:4
 29468 | Swamp:4  | Noticed a lich
 29491 | Swamp:4  | Noticed a tentacled starspawn
 29623 | Swamp:4  | Got an ancient amber ring
 29625 | Swamp:4  | Identified the ring "Veovaefo" {rElec rN+ Dex+4 SInv} (You found it on level 4 of the Swamp)
 29755 | Swamp:4  | Noticed a thorn hunter
 29772 | Swamp:4  | Banished a thorn hunter
 30060 | Swamp:4  | Noticed the 27-headed Lernaean hydra
 30072 | Swamp:4  | Killed the 27-headed Lernaean hydra
 30072 | Swamp:4  | Reached skill level 10 in Dodging
 30082 | Swamp:4  | Got a decaying rune of Zot
 30573 | Snake:1  | Noticed Aizul
 30587 | Snake:1  | Killed Aizul
 30611 | Snake:1  | Noticed Rupert
 30614 | Snake:1  | Banished Rupert
 30718 | Snake:1  | Noticed Nikola
 30726 | Snake:1  | Killed Nikola
 31127 | Snake:2  | Gained mutation: You are significantly more attuned to the shadows. [demonic ancestry]
 31127 | Snake:2  | Reached XP level 17. HP: 126/128 MP: 30/30
 31297 | Snake:2  | Reached skill level 15 in Maces & Flails
 31344 | Snake:2  | Found Tinydur's Antique Armour Shop.
 31350 | Snake:2  | Bought the -2 hat of the Alchemist {rElec rPois rF+ rC+ rN+ MR+ rMut rCorr} for 1463 gold pieces
 31350 | Snake:2  | Found the -2 hat of the Alchemist {rElec rPois rF+ rC+ rN+ MR+ rMut rCorr}
 32600 | Snake:3  | Reached skill level 19 in Invocations
 33864 | Snake:3  | Found a hazy altar of Hepliaklqana.
 34183 | Snake:4  | Entered Level 4 of the Snake Pit
 34503 | Snake:4  | Corrupted Snake:4
 34503 | Snake:4  | HP: 4/132 [anaconda (6)]
 34505 | Snake:4  | Succumbed to a naga ritualist's toxic radiance

Skill      XL: |  1  2  3  4  5  6  7  8  9 10 11 12 13 14 15 16 17 |
---------------+----------------------------------------------------+-----
Invocations    | 3 4 5 7 8 9 10 11 13 14 16 17 18 19 | 19.3
Maces & Flails | 2 3 4 5 6 8 9 10 11 12 13 14 15 | 15.3
Dodging        | 1 5 6 7 10 | 10.9
Armour         | 3 5 7 9 |  9.6
Fighting       | 4 5 6 8 9 10 11 | 11.6
Shields        | 3 4 6 7 |  7.7
Spellcasting   | 2 5 |  5.8
Translocations | 2 5 |  5.0
Summonings     | 4 |  4.2

Action                   |  1- 3 |  4- 6 |  7- 9 | 10-12 | 13-15 | 16-18 || total
-------------------------+-------+-------+-------+-------+-------+-------++-------
Melee: Mace              |    69 |    97 |       |       |       |       ||   166
       Kick              |       |    46 |   102 |       |       |   316 ||   464
       Flail             |       |   163 |   644 |   769 |  1273 |   837 ||  3686
       Morningstar       |       |       |    13 |   106 |   271 |       ||   390
       Great mace        |       |       |       |       |     6 |       ||     6
Throw: Tomahawk          |    26 |    15 |       |       |    12 |     4 ||    57
 Cast: Summon Butterflie |       |       |       |       |     1 |     5 ||     6
       Blink             |       |       |       |       |       |     1 ||     1
Invok: Banish            |       |     1 |     5 |    30 |    28 |    26 ||    90
       Bend Space        |       |     1 |       |       |     1 |     5 ||     7
       Corrupt           |       |       |     1 |       |     1 |     2 ||     4
Evoke: Wand              |       |       |    16 |    12 |     8 |     6 ||    42
       Lamp of fire      |       |       |       |     1 |     1 |     1 ||     3
       Phantom mirror    |       |       |       |       |       |     2 ||     2
  Use: Potion            |       |     5 |     3 |       |     8 |     4 ||    20
       Scroll            |       |     8 |    12 |    10 |    12 |     8 ||    50
 Stab: Paralysed         |       |       |     6 |       |     3 |     1 ||    10
       Confused          |       |       |       |     4 |       |     1 ||     5
       Petrified         |       |       |       |       |     7 |       ||     7
       Sleeping          |       |       |       |       |    10 |     7 ||    17
       Distracted        |       |       |       |       |     2 |     6 ||     8
  Eat: Chunk             |     1 |     4 |    10 |     5 |    10 |       ||    30
       Ration            |       |     2 |    10 |     8 |    12 |     8 ||    40
Armor: Leather armour    |    26 |    20 |       |       |       |       ||    46
       Scale mail        |       |    69 |   336 |   351 |   476 |   374 ||  1606
       Skin              |       |    14 |     4 |       |     1 |       ||    19
Dodge: Dodged            |    69 |   133 |   277 |   444 |   591 |   499 ||  2013
Block: Buckler           |       |       |       |   106 |   552 |   391 ||  1049
       Reflection        |       |       |       |     2 |    31 |    44 ||    77
